 Dungeon Crawl Stone Soup version 0.29-a0-722-g64f5989226 (webtiles) character file.

Game seed: 8337871759442461938

235 PentaManta the Cudgeller (level 6, -1/55 HPs)
             Began as a Gargoyle Berserker on June 28, 2022.
             Was a Believer of Trog.
             Killed from afar by an orc wizard (8 damage)
             ... with a magic dart
             ... on level 5 of the Dungeon.
             The game lasted 00:05:05 (4414 turns).

PentaManta the Cudgeller (Gargoyle Berserker)       Turns: 4414, Time: 00:05:06

Health: -1/55      AC: 10    Str: 22    XL:     6   Next: 6%
Magic:  6/6        EV: 11    Int:  8    God:    Trog [**....]
Gold:   246        SH:  0    Dex:  9    Spells: 5/5 levels left

rFire   . . .      SeeInvis .   t - +0 flail
rCold   + . .      Faith    .   (no shield)
rNeg    + . .      Spirit   .   c - +0 ring mail
rPois   ∞          Reflect  .   (no helmet)
rElec   +          Harm     .   (no cloak)
rCorr   .          Rampage  .   p - +0 pair of gloves
Will    .....                   (no boots)
Stlth   ..........              (no amulet)
HPRegen 0.18/turn               C - ring of protection from cold
MPRegen 0.10/turn               (no ring)

@: berserking, very quick
A: sickness immunity, AC +4, negative energy resistance 1, electricity
resistance, torment resistance 1, petrification resistance
a: Renounce Religion, Berserk, Trog's Hand


You were on level 5 of the Dungeon.
You worshipped Trog.
Trog was pleased with you.
You visited 1 branch of the dungeon, and saw 5 of its levels.

You collected 246 gold pieces.

Inventory:

Hand Weapons
 a - a +0 mace
 d - a +0 club
 f - a +0 whip
 t - a +0 flail (weapon)
Missiles
 y - 5 boomerangs (quivered)
Armour
 b - a +0 animal skin
 c - a +0 ring mail (worn)
 g - an orb of wrath
 p - a +0 pair of gloves (worn)
Jewellery
 C - a ring of protection from cold (left hand)
Scrolls
 i - 2 scrolls of blinking {unknown}
 j - 2 scrolls of teleportation {unknown}
 l - a scroll of noise {unknown}
 m - 8 scrolls of identify {unknown}
 n - a scroll of vulnerability {unknown}
 s - a scroll of enchant weapon {unknown}
 u - a scroll of fear {unknown}
 v - a scroll of magic mapping {unknown}
 A - a scroll of immolation {unknown}
 B - a scroll of fog {unknown}
Potions
 e - 2 potions of lignification {unknown}
 h - 3 potions of curing {unknown}
 k - a potion of haste {unknown}
 o - a potion of attraction {unknown}
 q - 2 potions of mutation {unknown}
 r - a potion of resistance {unknown}
 w - 2 potions of berserk rage {unknown}
 x - a potion of heal wounds {unknown}
 z - 2 potions of flight {unknown}


   Skills:
 - Level 3.2 Fighting
 + Level 6.6 Maces & Flails
 - Level 2.1 Armour
 - Level 1.5 Dodging


You had 5 spell levels left.
You didn't know any spells.
Your spell library was empty.

Dungeon Overview and Level Annotations

Branches:
Dungeon (5/15)
 Temple: D:4-7

Altars:
Elyvilon


Innate Abilities, Weirdness & Mutations

You are immune to sickness and miasma.
Your stone body is resilient. (AC +4)
You are immune to poison.
You resist negative energy. (rN+)
You are resistant to electric shocks. (rElec)
You are resistant to unholy torment.
You are immune to petrification.


Message History

You hit something. Something hits you but does no damage. The orc misses you.
You hit something.
You hear some strange, mumbled words.
A magic dart appears from out of thin air!
The magic dart hits you.
The orc hits you from afar with a +0 trident.
You closely miss something.
You hear some strange, mumbled words.
A magic dart appears from out of thin air!
The magic dart hits you! The orc closely misses you.
You closely miss something. Something hits you but does no damage.
The orc hits you from afar with a +0 trident.
* * * LOW HITPOINT WARNING * * *
You miss something. Something hits you but does no damage.
The orc hits you but does no damage.
You miss something.
You hear some strange, mumbled words.
A magic dart appears from out of thin air!
The magic dart hits you.
* * * LOW HITPOINT WARNING * * *
The orc barely misses you.
You closely miss something. Something hits you but does no damage.
The orc closely misses you.
A red film seems to cover your vision as you go berserk!
You feel yourself moving faster!
You feel mighty! Something hits you.
* * * LOW HITPOINT WARNING * * *
The orc closely misses you.
You miss something. You miss something. The orc hits you but does no damage.
Something hits you.
* * * LOW HITPOINT WARNING * * *
You closely miss something. The orc closely misses you.
Something hits you but does no damage.
You miss something. Something hits you but does no damage.
The orc barely misses you.
You closely miss something. You closely miss something.
You hear some strange, mumbled words.
A magic dart appears from out of thin air!
The magic dart hits you!
You die... ............. ........... #(#○# ......... ##.#○#.. ....... ##.#.#.. ..... ##.#○#.. ooo

##.#.#.## #{#
###.#.#..#####@#
..#.#.#........#.
.##.#§#.#.........#
..#○#§#...#######.#
#.#○#§#......... .....
###○#§#.#.#########....
##.#§#[..##.......#
##○#§#............#
##○#.#.###........##


You could see 3 orcs.

Vanquished Creatures
  A jelly (D:4)
  An iguana (D:5)
  6 gnolls
  4 adders
  A white imp (D:5)
  An ufetubus (D:5)
  A dart slug (D:1)
  2 orcs
  5 ball pythons
  6 endoplasms
  3 giant cockroaches
  5 goblins
  9 hobgoblins
  3 jackals (D:1)
  A quokka (D:3)
  7 bats
  4 frilled lizards
  5 kobolds
  9 rats
74 creatures vanquished.

Notes
Turn   | Place    | Note
-------+----------+-------------------------------------------
     0 | D:1      | PentaManta the Gargoyle Berserker began the quest for the
                  | Orb.
     0 | D:1      | Reached XP level 1. HP: 14/14 MP: 1/1
   452 | D:1      | Reached XP level 2. HP: 19/19 MP: 2/2
   820 | D:1      | Reached skill level 4 in Maces & Flails
   983 | D:1      | Reached XP level 3. HP: 16/23 MP: 3/3
  1664 | D:2      | Reached ** piety under Trog
  1968 | D:2      | Reached XP level 4. HP: 26/28 MP: 4/4
  2179 | D:3      | Reached skill level 5 in Maces & Flails
  2689 | D:3      | Reached XP level 5. HP: 32/32 MP: 5/5
  3268 | D:4      | Found a white marble altar of Elyvilon.
  3490 | D:4      | Reached skill level 6 in Maces & Flails
  4278 | D:5      | Entered Level 5 of the Dungeon
  4290 | D:5      | Reached XP level 6. HP: 28/37 MP: 6/6
  4414 | D:5      | Killed from afar by an orc wizard

Illustrated notes

Levels and vault maps discovered:
D:1:      co_arrival_square_in_a_square_in_a_square, layout_basic
D:2:      layout_rooms, dk_noncrumbling_2
D:3:      layout_basic, serial_aquarium, aquarium_bridge_square
          [aquarium_subvault_wall, aquarium_subvault_wall,
          aquarium_subvault_bridge, aquarium_subvault_balcony],
          aquarium_bridge_square [aquarium_subvault_window,
          aquarium_subvault_window, aquarium_subvault_bridge,
          aquarium_subvault_window], aquarium_window_fake, aquarium_window_3,
          aquarium_window_corner, aquarium_view_2e, aquarium_pool_corner
D:4:      layout_basic, mainiacjoe_overflow_alcove_4
D:5:      lemuel_ice_spiral_2, layout_rooms, okawaru_gym_becter

Skill      XL: |  1  2  3  4  5 |
---------------+----------------+-----
Maces & Flails | 4 5 6 |  6.6
Fighting       | |  3.2
Armour         | |  2.1
Dodging        | |  1.5

Action                   |  1- 3 |  4- 6 || total
-------------------------+-------+-------++-------
Melee: Mace              |    15 |       ||    15
       Whip              |   117 |   166 ||   283
       Club              |     4 |       ||     4
       Punch             |     2 |     2 ||     4
       Flail             |       |    32 ||    32
Throw: Boomerang         |       |     3 ||     3
Invok: Berserk           |     4 |     3 ||     7
Armor: Ring mail         |    71 |    95 ||   166
Dodge: Dodged            |    72 |   102 ||   174

Table legend: (Time is in decaauts)
 A = Elapsed time spent in this place.
 B = Non-inter-level travel time spent in this place.
 C = Inter-level travel time spent in this place.
 D = Time resting spent in this place.
 E = Time spent auto-exploring this place.
 F = Levels seen in this place.
 G = Mean time per level.
                   A        B        C        D        E       F      G
               +--------+--------+--------+--------+--------+-----+--------+
         Total |   4422 |   4305 |    117 |     68 |   3597 |   5 |  884.4 |
       Dungeon |   4422 |   4305 |    117 |     68 |   3597 |   5 |  884.4 |
               +--------+--------+--------+--------+--------+-----+--------+

Top non-repeatable levels by time:
     D:1: 1418 daAuts
     D:3: 1203 daAuts
     D:4: 1006 daAuts
     D:2: 661 daAuts
     D:5: 133 daAuts
